 Dungeon Crawl Stone Soup version 0.28.0-49-g6dfe1f597d (webtiles) character file.

Game seed: 4922586936853459061

3294 tife0686 the Carver (level 9, 68/68 HPs)
             Began as a Demonspawn Gladiator on Apr 28, 2022.
             Was an Initiate of Yredelemnul.
             Quit the game on level 6 of the Dungeon on May 15, 2022.
             The game lasted 01:02:05 (9979 turns).

tife0686 the Carver (Demonspawn Gladiator)          Turns: 9979, Time: 01:02:06

Health: 68/68      AC: 18    Str: 17    XL:     9   Next: 69%
Magic:  9/9        EV:  9    Int: 10    God:    Yredelemnul [......]
Gold:   387        SH:  5    Dex: 16    Spells: 7/8 levels left

rFire   . . .      SeeInvis .   a - +1 long sword
rCold   . . .      Faith    .   k - +0 buckler
rNeg    . . .      Spirit   .   j - +0 chain mail
rPois   .          Reflect  .   (helmet restricted)
rElec   .          Harm     .   (no cloak)
rCorr   .          Rampage  .   (no gloves)
Will    .....                   s - +1 pair of boots
Stlth   ..........              (no amulet)
HPRegen 0.21/turn               t - +4 ring of protection
MPRegen 0.11/turn               (no ring)

@: no status effects
A: horns 1, molten scales 1, demonic guardian 2, foul stench 1
a: Renounce Religion, Recall Undead Harvest


You were on level 6 of the Dungeon.
You worshipped Yredelemnul.
Yredelemnul was noncommittal.
You visited 1 branch of the dungeon, and saw 6 of its levels.

You collected 387 gold pieces.

Inventory:

Hand Weapons
 a - a +1 long sword (weapon)
 e - a +0 dagger
Missiles
 d - 5 throwing nets (quivered)
Armour
 b - a +0 leather armour
 c - a +0 helmet
 f - a +0 ring mail
 h - a +2 ring mail of willpower
 j - a +0 chain mail (worn)
 k - a +0 buckler (worn)
 s - a +1 pair of boots (worn)
Jewellery
 m - a ring of fire
 t - a +4 ring of protection (left hand)
Wands
 p - a wand of mindburst (14)
Scrolls
 i - 3 scrolls of noise
 o - 3 scrolls of identify
 q - a scroll of teleportation {unknown}
Potions
 g - a potion of flight
 l - 6 potions of curing
 n - a potion of might


   Skills:
 + Level 5.5 Fighting
 + Level 8.7 Long Blades
 - Level 1.8 Throwing
 + Level 6.0 Armour
 + Level 5.1 Dodging
 - Level 1.4 Stealth
 + Level 2.3 Shields
 + Level 0.1 Spellcasting
 + Level 0.5 Necromancy


You had 7 spell levels left.
You knew the following spells:

 Your Spells              Type           Power      Damage    Failure   Level
a - Pain                  Necr           4%         1d4       99%         1

Your spell library contained the following spells:

 Spells                   Type           Power      Damage    Failure   Level
 Animate Skeleton         Necr           2%         N/A       99%         1
 Corpse Rot               Necr/Air       0%         N/A       100%        2
 Gell's Gravitas          Tloc           0%         N/A       100%        3
 Lesser Beckoning         Tloc           0%         N/A       100%        3
 Teleport Other           Tloc           0%         N/A       100%        3
 Tukima's Dance           Hex            0%         N/A       100%        3
 Vampiric Draining        Necr           1%         2d6       100%        3
 Dispel Undead            Necr           1%         3d6       100%        4
 Passage of Golubria      Tloc           0%         N/A       100%        4
 Yara's Violent Unravell  Hex/Tmut       0%         3d3       100%        5
 Death Channel            Necr           Unusable   N/A       N/A         6

Dungeon Overview and Level Annotations

Branches:
Dungeon (6/15)             Temple (0/1) D:5

Altars:
Ashenzari
Cheibriados
Fedhas
Nemelex Xobeh
Okawaru
Vehumet
Xom
Yredelemnul


Innate Abilities, Weirdness & Mutations

You have a pair of small horns on your head.
You are partially covered in molten scales. (AC +2)
A demonic guardian rushes to your aid.
You may rarely emit foul miasma when damaged in melee.


Message History

You completely miss the river rat.
You headbutt the river rat, but do no damage.
The river rat is severely wounded.
The river rat completely misses you.
You hit the river rat.
The river rat is almost dead.
The river rat bites you but does no damage.
You closely miss the river rat.
You headbutt the river rat, but do no damage.
The river rat is almost dead.
The river rat bites you but does no damage.
You closely miss the river rat. You headbutt the river rat.
The river rat is almost dead.
The river rat misses you.
You barely miss the river rat.
The river rat is almost dead.
The river rat bites you but does no damage.
You hit the river rat.
You kill the river rat!
You slash the giant cockroach!
You kill the giant cockroach!
A black mist starts to gather...
You enter the shallow water.
Moving in this stuff is going to be slow.
You swap places.
There is an open door here.
There is an open door here.
Items here: ))) [.
Items here: ( ))))))) [[[.
You see here a +0 giant spiked club.
There is a large open door here.
Done exploring.
Done exploring.
Welcome back, tife0686 the Demonspawn Gladiator.
Yredelemnul says: Carry the black torch!
Rouse the idle dead!
Press ? for a list of commands and other information.
Welcome back, tife0686 the Demonspawn Gladiator.
Yredelemnul says: Carry the black torch!
Rouse the idle dead!
Press ? for a list of commands and other information.
Are you sure you want to abandon this character and quit the game? (Confirm with "yes".)

#.....#.# #.##.#..#
#.#.#.#.###.......##
#.#................#
#.###.#.#.#.#.......
#.....#...........##
#...#####.######.##
##..# #........#
##'Z## ########.#
#≈.@P# #.#
###__###### #.#
#.#⌠⌠#....# #.#
#.#######.#######.#
#.# #####.#.......#
#.# #ZZ...........#
#.# #Z###.#.......##
#.###Z###.#.....>..##
#.Z.......#<........#


You could see a friendly bullfrog zombie.

Vanquished Creatures
  A cyclops (D:6)
  An acid dragon (D:5)
  An ice beast (D:6)
  An orc warrior (D:6)
  A black bear (D:5)
  2 necrophages
  2 ogres (D:6)
  A kobold brigand (D:3)
  Blork the orc (D:4)
  2 bullfrogs
  2 scorpions
  A water moccasin zombie (D:6)
  A howler monkey (D:6)
  2 bullfrog zombies (D:6)
  5 hounds
  2 orc priests
  2 iguanas
  2 gnoll shamans
  3 orc wizards
  A scorpion zombie (D:3)
  A hound skeleton (D:4)
  A hound zombie (D:3)
  9 adders
  21 gnolls
  2 river rats (D:6)
  A white imp (D:5)
  An adder skeleton (D:4)
  2 worms
  2 dart slugs
  24 orcs
  6 ball pythons
  4 bats
  An endoplasm (D:4)
  9 giant cockroaches
  6 goblins
  5 hobgoblins
  14 jackals
  3 quokkas
  A ball python zombie (D:3)
  7 frilled lizards
  A jackal zombie (D:3)
  3 kobolds
  3 rats
161 creatures vanquished.

Vanquished Creatures (collateral kills)
  3 ice beasts (D:5)
  An ogre (D:5)
  A scorpion (D:5)
  A howler monkey (D:5)
  A centaur zombie (D:6)
  A jelly (D:6)
  A bullfrog zombie (D:5)
  An orc priest (D:6)
  An iguana (D:5)
  9 gnolls
  A river rat (D:6)
  2 adders
  A worm (D:2)
  9 orcs
  An endoplasm (D:3)
  2 goblins
  A hobgoblin (D:3)
  A quokka (D:5)
  A ball python (D:1)
  A kobold (D:2)
  A rat (D:3)
41 creatures vanquished.

Vanquished Creatures (others)
  A spectral ice beast (D:5)
  A scorpion zombie (D:5)
  An ogre zombie (D:5)
  A hound zombie (D:6)
  An iguana zombie (D:5)
  A giant cockroach zombie (D:6)
  11 gnoll zombies
  18 orc zombies
  A quokka zombie (D:4)
  2 rat zombies (D:6)
  19 plants
57 creatures vanquished.

Grand Total: 259 creatures vanquished

Notes
Turn   | Place    | Note
-------+----------+-------------------------------------------
     0 | D:1      | tife0686 the Demonspawn Gladiator began the quest for the
                  | Orb.
     0 | D:1      | Reached XP level 1. HP: 16/16 MP: 1/1
   134 | D:1      | Gained mutation: A weak demonic guardian rushes to your
                  | aid. [demonic ancestry]
   134 | D:1      | Reached XP level 2. HP: 22/22 MP: 2/2
   160 | D:1      | Found a faded altar of an unknown god.
   219 | D:1      | Reached skill level 3 in Long Blades
  1799 | D:2      | Reached XP level 3. HP: 23/27 MP: 3/3
  2568 | D:3      | Reached skill level 1 in Armour
  2568 | D:3      | Reached XP level 4. HP: 13/34 MP: 4/4
  3083 | D:3      | Reached skill level 4 in Long Blades
  3083 | D:3      | Gained mutation: You are partially covered in molten
                  | scales. (AC +2) [demonic ancestry]
  3083 | D:3      | Reached XP level 5. HP: 35/39 MP: 5/5
  3422 | D:3      | Found a blossoming altar of Fedhas.
  3617 | D:3      | Found a basalt altar of Yredelemnul.
  3631 | D:3      | Gained mutation: You have a pair of small horns on your
                  | head. [demonic ancestry]
  3631 | D:3      | Reached XP level 6. HP: 45/47 MP: 6/6
  3635 | D:3      | Became a worshipper of Yredelemnul the Dark
  3931 | D:3      | Reached * piety under Yredelemnul
  4212 | D:3      | Reached skill level 5 in Long Blades
  4443 | D:3      | Gained mutation: A demonic guardian rushes to your aid.
                  | [demonic ancestry]
  4443 | D:3      | Reached XP level 7. HP: 35/52 MP: 7/7
  4534 | D:3      | Reached skill level 1 in Shields
  5342 | D:4      | Found a snail-covered altar of Cheibriados.
  5637 | D:4      | Noticed Blork the orc
  5651 | D:4      | Killed Blork the orc
  5652 | D:4      | Reached skill level 6 in Long Blades
  6205 | D:5      | Entered Level 5 of the Dungeon
  6218 | D:5      | Reached XP level 8. HP: 48/60 MP: 8/8
  6675 | D:5      | Reached ** piety under Yredelemnul
  6809 | D:5      | Reached skill level 7 in Long Blades
  7153 | D:5      | Found a radiant altar of Vehumet.
  7352 | D:5      | Found a staircase to the Ecumenical Temple.
  7427 | D:5      | Found an iron altar of Okawaru.
  7623 | D:5      | Reached skill level 5 in Dodging
  7826 | D:5      | Gained mutation: You may rarely emit foul miasma when
                  | damaged in melee. [demonic ancestry]
  7826 | D:5      | Reached XP level 9. HP: 67/67 MP: 9/9
  7896 | D:5      | Learned a level 1 spell: Pain
  8208 | D:6      | Found a shimmering altar of Xom.
  8208 | D:6      | Found a broken altar of Ashenzari.
  8288 | D:6      | Reached skill level 5 in Armour
  8369 | D:6      | Reached skill level 5 in Fighting
  8406 | D:6      | Reached skill level 1 in Stealth
  8931 | D:6      | Reached skill level 8 in Long Blades
  9277 | D:6      | Found a sparkling altar of Nemelex Xobeh.
  9354 | D:6      | Noticed a cyclops
  9382 | D:6      | Killed a cyclops
  9979 | D:6      | Upgraded the game from 0.28.0-47-ge53b351184 to
                  | 0.28.0-49-g6dfe1f597d
  9979 | D:6      | Quit the game

Illustrated notes

Levels and vault maps discovered:
D:1:      amcnicky_arrival_gap_in_the_tavern_cellar, layout_rooms,
          hellmonk_ecumenical_altar_arch_garden
D:2:      layout_loops_corners, grunt_ministairs_1, serial_park_tiny_2,
          roderic_roman_lattice, roderic_lattice_a, nrook_uturn
D:3:      lemuel_castle_with_subvaults [lemuel_castle_interior_carwin_1],
          layout_loops_cross, fedhas_altar_1, nicolae_yredelemnul_corpse_copse,
          serial_bayou, serial_bayou_pond_b, serial_bayou_pond_b,
          serial_bayou_shore_b, serial_bayou_pond_e, palyth_stone_intersect,
          lightli_corner_chamber
D:4:      layout_rooms, slow_altar_1, eino_small_chamber_without_monster,
          uniq_blork_the_orc
D:5:      layout_cave_pods, mainiacjoe_overflow_brackets,
          mainiacjoe_overflow_alcove_4, minmay_temple_entry_enclosed_plants,
          st_stairs_10, minmay_quadrilaterals
D:6:      layout_loops_corners, mainiacjoe_overflow_chevrons,
          gammafunk_temple_overflow_wave, portal_sewer_entry_e, minmay_puff

Skill      XL: |  1  2  3  4  5  6  7  8  9 |
---------------+----------------------------+-----
Long Blades    | 3 4 5 6 7 8 |  8.7
Dodging        | 3 4 5 |  5.1
Armour         | 1 2 3 4 6 |  6.0
Fighting       | 3 4 5 |  5.5
Shields        | 1 2 |  2.3
Stealth        | 1 |  1.4
Throwing       | |  1.8
Spellcasting   | |  0.1
Necromancy     | |  0.5

Action                   |  1- 3 |  4- 6 |  7- 9 || total
-------------------------+-------+-------+-------++-------
Melee: Long sword        |    84 |   265 |   348 ||   697
       Headbutt          |       |    19 |    67 ||    86
 Cast: Pain              |       |       |     1 ||     1
  Use: Scroll            |     1 |       |     6 ||     7
       Potion            |       |       |     5 ||     5
 Stab: Distracted        |       |     4 |     1 ||     5
Armor: Leather armour    |     4 |       |       ||     4
       Ring mail         |    30 |   109 |    82 ||   221
       Chain mail        |       |       |    51 ||    51
Dodge: Dodged            |    57 |   152 |   159 ||   368
Block: Buckler           |       |    31 |    52 ||    83
